 Dungeon Crawl Stone Soup version 0.23-a0-356-g1757c6e (webtiles) character file.

91 Ghost621 the Vexing (level 4, -3/36 HPs)
             Began as a Draconian Enchanter on Oct 21, 2018.
             Slain by a hobgoblin
             ... wielding a +0 club
              (4 damage)
             ... on level 3 of the Dungeon.
             The game lasted 00:08:32 (2292 turns).

Ghost621 the Vexing (Draconian Enchanter)           Turns: 2292, Time: 00:08:33

Health: -3/36      AC:  5    Str: 12    XL:     4   Next: 34%
Magic:  0/8        EV: 12    Int: 15    God:
Gold:   113        SH:  0    Dex: 11    Spells: 2/8 levels left

rFire    . . .     SeeInvis .   a - +1 dagger
rCold    . . .     Gourm    .   (no shield)
rNeg     . . .     Faith    .   (armour unavailable)
rPois    .         Spirit   .   (helmet restricted)
rElec    .         Reflect  .   (no cloak)
rCorr    .         Harm     .   (no gloves)
MR       .....                  (no boots)
Stlth    ++........             (no amulet)
HPRegen  0.12/turn              (no ring)
MPRegen  0.11/turn              (no ring)

@: no status effects
A: unfitting armour, cold-blooded, AC +5
a: no special abilities


You were on level 3 of the Dungeon.
You were very hungry.

You visited 1 branch of the dungeon, and saw 3 of its levels.

You collected 113 gold pieces.

Inventory:

Hand Weapons
 a - a +1 dagger (weapon)
Missiles
 e - 39 stones (quivered)
Jewellery
 f - an uncursed amulet of rage
Wands
 m - a wand of digging (13)
Scrolls
 b - a scroll of magic mapping {unknown}
 g - 3 scrolls of identify
 h - 2 scrolls of enchant weapon {unknown}
 i - a scroll of noise {unknown}
 j - a scroll of amnesia {unknown}
 l - a scroll of blinking {unknown}
 p - a scroll of remove curse {unknown}
Potions
 d - a potion of agility {unknown}
 k - a potion of resistance {unknown}
 n - a potion of flight {unknown}
 o - a potion of lignification {unknown}
Comestibles
 c - 9 rations


   Skills:
 + Level 2.0 Fighting
 - Level 1.0 Short Blades
 - Level 1.7 Dodging
 - Level 2.6 Stealth
 + Level 2.6 Spellcasting
 * Level 3.9 Hexes


You had 2 spell levels left.
You knew the following spells:

 Your Spells              Type           Power        Failure   Level  Hunger
a - Corona                Hex            ##.....      4%          1    #......
b - Ensorcelled Hibernat  Hex/Ice        #.....       14%         2    ##.....
c - Confuse               Hex            ##......     13%         3    ###....

Your spell library contained the following spells:

 Spells                   Type           Power        Failure   Level  Hunger
 Tukima's Dance           Hex            ##......     13%         3    ###....
 Dazzling Spray           Conj/Hex       #.....       28%         3    ###....


Dungeon Overview and Level Annotations

Branches:
Dungeon (3/15)

Altars:


Innate Abilities, Weirdness & Mutations

Your plain brown scales are hard. (AC +5)
You cannot fit into any form of body armour.
You are cold-blooded and may be slowed by cold attacks.


Message History

Press: ? - help, Shift-Dir - straight line, f - hobgoblin
Aim: a hobgoblin, wielding a +0 club (chance to defeat MR: 56%)
The hobgoblin resists with significant effort.
You are feeling very hungry.
The hobgoblin hits you with a +0 club.
* * * LOW HITPOINT WARNING * * *
The kobold closely misses you.
Casting: Ensorcelled Hibernation (safe; 14% risk of failure)
Confirm with . or Enter, or press ? or * to list all spells.
Aiming: Ensorcelled Hibernation (safe; 14% risk of failure)
Press: ? - help, Shift-Dir - straight line, f/p - hobgoblin
Aim: a hobgoblin, wielding a +0 club (chance to defeat MR: 56%)
The hobgoblin resists with significant effort.
The orc hits you but does no damage. The hobgoblin hits you with a +0 club.
* * * LOW HITPOINT WARNING * * *
The kobold hits you but does no damage. The kobold closely misses you.
The hobgoblin hits you with a +0 club.
* * * LOW HITPOINT WARNING * * *
The hobgoblin hits you with a +0 club.
You die...

......$ .......
....... ###########
....... #@...)....#
....... #Kg.......#
....g..## #o........#
......o.# #.).......#
#g# #.........#
#.#######.##### ##
#..######.# #####.
##.....##.# #.#..<
#####..#.#######.#...


You could see an orc, a hobgoblin and a kobold.

Vanquished Creatures
  A gnoll (D:1)
  3 adders
  A worm (D:2)
  A dart slug (D:2)
  3 orcs (D:3)
  2 giant cockroaches
  2 goblins (D:1)
  8 hobgoblins
  2 jackals (D:1)
  2 kobolds
  A quokka (D:3)
  2 ball pythons (D:2)
  10 bats
  A frilled lizard (D:2)
  9 rats
48 creatures vanquished.

Notes
Turn   | Place    | Note
-------+----------+-------------------------------------------
     0 | D:1      | Ghost621 the Draconian Enchanter began the quest for the
                  | Orb.
     0 | D:1      | Reached XP level 1. HP: 14/14 MP: 3/3
   233 | D:1      | Reached skill level 3 in Hexes
   233 | D:1      | Reached XP level 2. HP: 22/22 MP: 5/5
   237 | D:1      | Learned a level 2 spell: Ensorcelled Hibernation
   595 | D:1      | Reached skill level 1 in Fighting
   654 | D:1      | Reached XP level 3. HP: 24/28 MP: 1/6
  1155 | D:2      | Learned a level 3 spell: Confuse
  2123 | D:3      | Reached XP level 4. HP: 36/36 MP: 4/7
  2291 | D:3      | HP: 1/36 [hobgoblin/+0 club (5)]
  2292 | D:3      | Slain by a hobgoblin

Vault maps used:
D:1:      lordsloth_arrival_two_stooges, skrybe_limestone_x
D:2:      hangedman_decor_points, minmay_cut_off
D:3:      tso_altar

Skill      XL: |  1  2  3  4 |
---------------+-------------+-----
Hexes          | 3 |  3.9
Fighting       | 1 2 |  2.0
Short Blades   | |  1.0
Dodging        | |  1.7
Stealth        | |  2.6
Spellcasting   | |  2.6

Action                   |  1- 3 |  4- 6 || total
-------------------------+-------+-------++-------
Melee: Dagger            |   138 |    12 ||   150
       Tailslap          |     6 |     1 ||     7
Throw: Stone             |    23 |     5 ||    28
 Cast: Ensorcelled Hiber |    21 |     7 ||    28
  Use: Scroll            |     1 |       ||     1
 Stab: Sleeping          |    18 |     5 ||    23
  Eat: Chunk             |     1 |     1 ||     2
       Ration            |     1 |       ||     1
Armor: Skin              |    53 |     5 ||    58
Dodge: Dodged            |   111 |     7 ||   118

Table legend:
 A = Non-vault XP
 B = Vault XP
 C = Vault XP percentage of total XP
 D = Non-vault monster count
 E = Vault monster count
 F = Vault count percentage of total count
                 A         B        C        D         E       F
            +---------+---------+-------+---------+---------+-------
      Total |     130 |       1 |   0.8 |      47 |       1 |   2.1
            +---------+---------+-------+---------+---------+-------
        D:1 |      49 |       0 |   0.0 |      22 |       0 |   0.0
        D:2 |      43 |       1 |   2.3 |      19 |       1 |   5.0
        D:3 |      38 |       0 |   0.0 |       6 |       0 |   0.0
            +---------+---------+-------+---------+---------+-------
